[Event "Titled Tuesday Blitz July 13 2021"]
[White "Woodward, Andy"]
[Black "Garcia, Gabriel Gonzaga"]
[WhiteFideId "30953499"]
[BlackFideId "2138956"]
[WhiteElo "2137"]
[BlackElo "2240"]
[Result "1-0"]
[Round "02"]
[TimeControl "180+1"]
[Date "2021.07.13"]
[WhiteClock "0:01:15"]
[BlackClock "0:00:13"]

1. d4 Nf6 2. c4 e6 3. Nc3 Bb4 4. Qc2 O-O 5. a3 Bxc3+ 6. Qxc3 b6 7. Bg5 Bb7 8. e3 d5 9. cxd5 Bxd5 10. Nf3 Nbd7 11. Be2 c5 12. dxc5 Nxc5 13. Bxf6 Qxf6 14. Qxf6 gxf6 15. b4 Ne4 16. O-O Rac8 17. Rac1 Nc3 18. Ba6 Rc7 19. Nd4 e5 20. Nf5 Be6 21. Nd6 f5 22. Rc2 Rd8 23. Nb7 Rdc8 24. Nc5 Rd8 25. Nxe6 fxe6 26. Rfc1 Nd5 27. Rxc7 1-0


[Site "https://www.chess.com"]

[Event "Titled Tuesday Blitz July 13 2021"]
[White "Yeletsky, Ivan"]
[Black "Baskin, Robert"]
[WhiteFideId "24180327"]
[BlackFideId "24662402"]
[WhiteElo "2344"]
[BlackElo "2462"]
[Result "1/2-1/2"]
[Round "02"]
[TimeControl "180+1"]
[Date "2021.07.13"]
[WhiteClock "0:00:09"]
[BlackClock "0:00:02"]

1. c4 e5 2. g3 Nf6 3. Bg2 Nc6 4. Nc3 Bb4 5. Nd5 Bc5 6. d3 h6 7. Nf3 d6 8. Nxf6+ Qxf6 9. O-O O-O 10. Nd2 Qd8 11. Ne4 Bb6 12. Nc3 a6 13. Nd5 Ba7 14. Be3 Bxe3 15. Nxe3 Be6 16. b4 Qc8 17. Rb1 Bh3 18. Nd5 Bxg2 19. Kxg2 Qd7 20. e3 Ne7 21. Nc3 d5 22. Qf3 Rad8 23. Rbc1 c6 24. a4 f5 25. b5 axb5 26. axb5 e4 27. Qe2 Ng6 28. bxc6 bxc6 29. cxd5 cxd5 30. Rfd1 Qe6 31. Nb5 Ne5 32. dxe4 fxe4 33. Nd4 Qf7 34. Rd2 Nf3 35. Rdd1 Qh5 36. h3 Rd6 37. Rc6 Rxc6 38. Nxc6 Nh4+ 39. Kf1 Nf3 40. Kg2 Nh4+ 41. Kf1 Nf3 42. Kg2 1/2-1/2


[Site "https://www.chess.com"]

[Event "Titled Tuesday Blitz July 13 2021"]
[White "Zhigalko, Sergei"]
[Black "Dowgird, Filip"]
[WhiteFideId "13502956"]
[BlackFideId "1121235"]
[WhiteElo "2662"]
[BlackElo "2209"]
[Result "1-0"]
[Round "02"]
[TimeControl "180+1"]
[Date "2021.07.13"]
[WhiteClock "0:01:16"]
[BlackClock "0:02:07"]

1. e4 e6 2. d4 d5 3. e5 c5 4. c3 Bd7 5. Nf3 Qb6 6. Be2 Bb5 7. Bxb5+ Qxb5 8. a4 Qa6 9. dxc5 Bxc5 10. b4 Be7 11. Na3 Qc6 12. O-O a6 13. Qb3 Nd7 14. c4 Rc8 15. b5 Qc5 16. cxd5 Qxd5 17. Qxd5 exd5 18. Rd1 Nh6 19. Rxd5 Rxc1+ 20. Rxc1 Bxa3 21. Rc8+ 1-0


[Site "https://www.chess.com"]

[Event "Titled Tuesday Blitz July 13 2021"]
[White "Zubov, Alexander"]
[Black "Bazarov, Konstantin"]
[WhiteFideId "14109409"]
[BlackFideId "4137000"]
[WhiteElo "2740"]
[BlackElo "2190"]
[Result "1-0"]
[Round "02"]
[TimeControl "180+1"]
[Date "2021.07.13"]
[WhiteClock "0:00:19"]
[BlackClock "0:00:16"]

1. d4 d5 2. c4 c6 3. Nf3 Nf6 4. Qb3 dxc4 5. Qxc4 Bf5 6. g3 e6 7. Bg2 Nbd7 8. O-O Be7 9. Nc3 O-O 10. Qb3 Qb6 11. Nd2 Qxb3 12. axb3 Nb6 13. Nc4 Nxc4 14. bxc4 Rfd8 15. e4 Bg6 16. Rd1 h6 17. h3 Bb4 18. e5 Nd7 19. Be3 Nb6 20. Bf1 Be7 21. Rd2 f6 22. f4 Kf7 23. Be2 Ke8 24. Kf2 Bb4 25. Rdd1 Bc2 26. Rdc1 Bg6 27. g4 fxe5 28. fxe5 Ke7 29. h4 Rf8+ 30. Kg3 Nd7 31. Bf3 a5 32. Ne4 Bh7 33. h5 Rf7 34. g5 Raf8 35. Bg2 Rf5 36. g6 Bg8 37. Rh1 c5 38. Nd6 cxd4 39. Nxf5+ Rxf5 40. Bxd4 Nxe5 41. Bxb7 Rg5+ 42. Kf2 Nxc4 43. Bxg7 Rf5+ 44. Ke2 e5 45. Raf1 Rg5 46. Bf6+ Kd6 47. Bxg5 1-0


[Site "https://www.chess.com"]

[Event "Titled Tuesday Blitz July 13 2021"]
[White "deribas12345"]
[Black "Tristan, Leonardo"]
[BlackFideId "113816"]
[WhiteElo "2508"]
[BlackElo "2404"]
[Result "0-1"]
[Round "02"]
[TimeControl "180+1"]
[Date "2021.07.13"]
[WhiteClock "0:00:11"]
[BlackClock "0:00:06"]

1. d4 d5 2. c4 e6 3. Nc3 a6 4. Nf3 dxc4 5. a4 c5 6. e3 Nc6 7. Bxc4 cxd4 8. exd4 Nf6 9. O-O Be7 10. d5 exd5 11. Nxd5 Nxd5 12. Qxd5 O-O 13. Bf4 Be6 14. Qxd8 Nxd8 15. Bxe6 Nxe6 16. Be3 Bf6 17. Rac1 Rac8 18. b3 Rfd8 19. g3 Kf8 20. Bb6 Rxc1 21. Rxc1 Rd3 22. Kg2 Rxb3 23. a5 Bc3 24. Rd1 Ke8 25. Rd3 Ra3 26. Ne5 Bb4 27. Rd5 Rc3 28. h4 Bc5 29. Nd7 Bxb6 30. Nxb6 Rc5 31. Rd7 Rxa5 32. Rxb7 Rb5 33. Rb8+ Nd8 34. Kf3 a5 35. Ke4 a4 36. Ra8 Rxb6 37. Rxa4 Nc6 38. Ra8+ Rb8 39. Ra6 Kd7 40. h5 Rb5 41. g4 Rb4+ 42. Kf3 Ne5+ 43. Ke2 Rxg4 44. Ra7+ Ke6 45. f3 Rg2+ 46. Ke3 Rh2 47. Ra8 Rxh5 48. f4 Nd7 49. Kf3 Nf6 50. Kg3 Rd5 51. Ra6+ Rd6 52. Ra8 Kf5 53. Ra3 h5 54. Kh4 Rd4 55. Rd3 Rxf4+ 56. Kh3 g5 57. Ra3 Kg6 58. Ra6 Rf5 59. Kg3 h4+ 60. Kh3 Rf3+ 61. Kg2 g4 62. Ra4 h3+ 63. Kh2 Kg5 64. Kg1 g3 65. Ra5+ Rf5 66. Ra4 Rf4 67. Ra3 Ne4 68. Re3 f5 69. Rb3 Rf2 70. Rxg3+ Nxg3 71. Kxf2 h2 72. Kg2 h1=Q+ 73. Kxg3 f4+ 0-1


[Site "https://www.chess.com"]

[Event "Titled Tuesday Blitz July 13 2021"]
[White "Abdusattorov, Nodirbek"]
[Black "Langner, Ladislav"]
[WhiteFideId "14204118"]
[BlackFideId "300403"]
[WhiteElo "2662"]
[BlackElo "2346"]
[Result "1-0"]
[Round "03"]
[TimeControl "180+1"]
[Date "2021.07.13"]
[WhiteClock "0:00:16"]
[BlackClock "0:00:01"]

1. b3 Nf6 2. Bb2 c5 3. Nf3 Nc6 4. e3 g6 5. Be2 Bg7 6. O-O O-O 7. c4 d5 8. cxd5 Nxd5 9. Bxg7 Kxg7 10. d4 cxd4 11. Nxd4 Nxd4 12. Qxd4+ Nf6 13. Qb2 Bf5 14. Rd1 Qa5 15. Na3 Rac8 16. Nc4 Qc7 17. g4 b5 18. Na3 Be4 19. g5 Qc5 20. h4 Qf5 21. gxf6+ exf6 22. Rd6 Rfd8 23. Rad1 Rxd6 24. Rxd6 Rc5 25. Kf1 Re5 26. f4 Rd5 27. Rxd5 Bxd5 28. Ke1 Qh3 29. Qd4 Qxh4+ 30. Kd2 Be6 31. Nxb5 Qh2 32. f5 Bxf5 33. Nd6 Bg4 34. Ne8+ Kf8 35. Qxg4 Kxe8 36. Qf4 Qg2 37. Qxf6 h5 38. b4 g5 39. a4 h4 40. Qe5+ 1-0


[Site "https://www.chess.com"]

[Event "Titled Tuesday Blitz July 13 2021"]
[White "Alavkin, Arseny"]
[Black "Nabaty, Tamir"]
[WhiteFideId "4120612"]
[BlackFideId "2809052"]
[WhiteElo "2401"]
[BlackElo "2627"]
[Result "0-1"]
[Round "03"]
[TimeControl "180+1"]
[Date "2021.07.13"]
[WhiteClock "0:01:40"]
[BlackClock "0:01:43"]

1. e4 c5 2. Nc3 e6 3. Nge2 Nc6 4. d4 cxd4 5. Nxd4 Qc7 6. Be3 a6 7. f4 b5 8. a3 Bb7 9. Bd3 Nxd4 10. Bxd4 Qxf4 11. Qf3 Qxf3 12. gxf3 Ne7 13. O-O-O Nc6 14. Be3 Be7 15. Rhg1 g6 16. Be2 Rc8 17. Kb1 Ne5 18. f4 Nc4 19. Bxc4 Rxc4 20. Rd4 Rxd4 21. Bxd4 f6 22. Re1 Kf7 23. Re2 d6 24. b3 Rc8 25. Kb2 e5 26. Be3 f5 27. exf5 gxf5 28. Rd2 Ke6 29. Na2 Bf6 30. Kb1 Be4 31. h3 d5 32. Nb4 d4 33. Bf2 Rc3 34. fxe5 Bxe5 35. Bxd4 Rxb3+ 36. Ka2 Rxh3 37. Nxa6 Bxd4 38. Rxd4 Rc3 39. Rb4 Rxc2+ 40. Kb3 Rc6 0-1


[Site "https://www.chess.com"]

[Event "Titled Tuesday Blitz July 13 2021"]
[White "AleksanderHnydiuk"]
[Black "Lazavik, Denis"]
[BlackFideId "13515110"]
[WhiteElo "2599"]
[BlackElo "2436"]
[Result "0-1"]
[Round "03"]
[TimeControl "180+1"]
[Date "2021.07.13"]
[WhiteClock "0:00:01"]
[BlackClock "0:00:10"]

1. Nf3 d5 2. d4 Nf6 3. c4 c6 4. g3 Bf5 5. Nc3 e6 6. Nh4 dxc4 7. Nxf5 exf5 8. e3 Nbd7 9. Bxc4 Nb6 10. Bb3 Qd7 11. O-O Be7 12. Bd2 O-O 13. Rc1 Rfe8 14. Qc2 Bf8 15. Rfd1 Nbd5 16. Nxd5 Nxd5 17. Be1 h5 18. h4 Re4 19. Qc4 Rae8 20. Bc2 Rg4 21. Qd3 g6 22. Qe2 Bd6 23. Qf3 Qd8 24. Kh1 Bxg3 25. fxg3 Rxe3 26. Qf1 Rexg3 27. Bxg3 Rxg3 28. Rd2 Ne3 29. Qf4 Qd5+ 30. Be4 Qxe4+ 31. Qxe4 fxe4 32. Re1 f5 33. Rg1 Rh3+ 34. Rh2 Rxh2+ 35. Kxh2 Kf7 36. Rc1 Kf6 37. Rc3 Nd5 38. Rb3 b6 39. Ra3 a5 40. Ra4 f4 41. Rc4 Ne7 42. d5 cxd5 43. Rc7 d4 44. Kg2 d3 45. Kf2 Nd5 46. Rc6+ Ke5 47. Rxg6 e3+ 48. Kf3 d2 49. Rg1 Nf6 50. Rg5+ Kd4 51. Rg1 Ne4 52. Kxf4 e2 53. Kf5 e1=Q 0-1


[Site "https://www.chess.com"]

[Event "Titled Tuesday Blitz July 13 2021"]
[White "Aleksandr_Kozak"]
[Black "Ibrahimli, Murad"]
[BlackFideId "13410229"]
[WhiteElo "2428"]
[BlackElo "2109"]
[Result "0-1"]
[Round "03"]
[TimeControl "180+1"]
[Date "2021.07.13"]
[WhiteClock "0:00:04"]
[BlackClock "0:00:04"]

1. e4 e5 2. Nf3 Nc6 3. Bb5 a6 4. Ba4 Nf6 5. O-O b5 6. Bb3 Bc5 7. a4 Rb8 8. axb5 axb5 9. Nxe5 Nxe5 10. d4 Bxd4 11. Qxd4 d6 12. c3 O-O 13. Bg5 h6 14. Bh4 Be6 15. Nd2 c5 16. Qe3 Nfg4 17. Qh3 g5 18. Bxe6 fxe6 19. Bg3 Qf6 20. Ra7 Qg6 21. Nf3 Rxf3 22. gxf3 Nxf3+ 23. Kg2 Qxe4 24. Kh1 e5 25. Qg2 Rf8 26. Rfa1 h5 27. Rd7 h4 28. Raa7 Nf6 29. Rg7+ Kh8 30. Qh3 Qb1+ 31. Kg2 g4 32. Rh7+ Nxh7 33. Qxg4 Qg1+ 34. Kh3 Qf1# 0-1


[Site "https://www.chess.com"]

[Event "Titled Tuesday Blitz July 13 2021"]
[White "Altman, Joshua"]
[Black "Maiorov, Nikita"]
[WhiteFideId "426210"]
[BlackFideId "13501720"]
[WhiteElo "1945"]
[BlackElo "2440"]
[Result "0-1"]
[Round "03"]
[TimeControl "180+1"]
[Date "2021.07.13"]
[WhiteClock "0:00:01"]
[BlackClock "0:00:15"]

1. d4 Nf6 2. c4 e6 3. Nf3 b6 4. g3 Bb7 5. Bg2 Be7 6. O-O O-O 7. Nc3 Ne4 8. Bd2 Bf6 9. Qc2 Nxd2 10. Qxd2 d6 11. e4 Nd7 12. Rad1 g6 13. Rfe1 Bg7 14. e5 a6 15. exd6 cxd6 16. b3 Nf6 17. d5 e5 18. Ng5 Bc8 19. Rc1 Bh6 20. h4 Ne8 21. Qe2 Bxg5 22. hxg5 Qxg5 23. Ne4 Qd8 24. Qd2 a5 25. a3 Bf5 26. Nc3 Bd7 27. b4 axb4 28. axb4 Qc7 29. Ne4 f5 30. Ng5 Rd8 31. c5 bxc5 32. bxc5 dxc5 33. Qa2 Qd6 34. Ne6 Bxe6 35. dxe6 Kg7 36. Qa7+ Nc7 37. Rxc5 Rc8 38. Rec1 Qxe6 39. Rxc7+ Rxc7 40. Rxc7+ Rf7 41. Rxf7+ Qxf7 42. Qxf7+ Kxf7 43. Bd5+ Kf6 44. Kg2 h6 45. Kf3 e4+ 46. Ke3 Kg5 47. Bf7 h5 48. Kd4 f4 49. Kxe4 fxg3 50. f4+ Kg4 51. Be6+ Kh4 52. Kf3 g5 53. f5 Kh3 54. f6+ Kh2 55. f7 g2 56. f8=Q g4+ 57. Ke4 g1=Q 58. Qd6+ Kh3 59. Qd3+ Qg3 60. Qf1+ Kh2 61. Qe2+ Qg2+ 62. Qxg2+ Kxg2 63. Kf4 g3 64. Bf7 Kh2 65. Bd5 h4 66. Bf3 h3 67. Ke3 g2 0-1


[Site "https://www.chess.com"]

[Event "Titled Tuesday Blitz July 13 2021"]
[White "Aradhya, Garg"]
[Black "Deviprasath, Sharvesh"]
[WhiteFideId "25006746"]
[BlackFideId "30938228"]
[WhiteElo "2146"]
[BlackElo "2102"]
[Result "0-1"]
[Round "03"]
[TimeControl "180+1"]
[Date "2021.07.13"]
[WhiteClock "0:00:05"]
[BlackClock "0:00:07"]

1. d4 Nf6 2. c4 g6 3. g3 Bg7 4. Bg2 O-O 5. Nc3 d6 6. Nf3 Nbd7 7. Bf4 e5 8. dxe5 dxe5 9. Nxe5 Nh5 10. Nxd7 Nxf4 11. gxf4 Bxd7 12. Qd2 c6 13. O-O-O Qa5 14. Qxd7 Bxc3 15. Qd3 Bg7 16. Kb1 Rab8 17. e3 b5 18. c5 b4 19. Bxc6 Rfc8 20. Bd5 Rxc5 21. Qb3 Rc7 22. Rc1 Rd8 23. Rxc7 Qxc7 24. Rc1 Qe7 25. Rd1 Rc8 26. Rc1 Rd8 27. Rd1 Rc8 28. Bc4 Qe4+ 29. Bd3 Qf3 30. Bc2 Qxf2 31. h3 a5 32. Rd7 Qe1+ 33. Bd1 Rf8 34. Qd3 a4 35. Kc2 Qh4 36. b3 Qf6 37. Qd4 Qc6+ 38. Qc4 Qxd7 39. Bg4 Qd8 40. bxa4 Qf6 41. Qc3 Qxc3+ 42. Kd1 Rd8+ 43. Ke2 Rd2+ 44. Kf3 Rd3 45. Kg2 Rxe3 46. Be2 Rg3+ 47. Kf1 Qe3 48. Ke1 Rg1# 0-1


[Site "https://www.chess.com"]

[Event "Titled Tuesday Blitz July 13 2021"]
[White "Baskin, Robert"]
[Black "Priasmoro, Novendra"]
[WhiteFideId "24662402"]
[BlackFideId "7105029"]
[WhiteElo "2462"]
[BlackElo "2309"]
[Result "0-1"]
[Round "03"]
[TimeControl "180+1"]
[Date "2021.07.13"]
[WhiteClock "0:00:04"]
[BlackClock "0:01:20"]

1. e4 c5 2. Nf3 Nc6 3. Bb5 g6 4. O-O Bg7 5. Re1 e5 6. b4 d6 7. Bb2 cxb4 8. d4 Bg4 9. dxe5 Ne7 10. Nbd2 dxe5 11. Nc4 Qxd1 12. Raxd1 O-O 13. h3 Bxf3 14. gxf3 Rfd8 15. Nd6 Rab8 16. Bc4 Rf8 17. a3 bxa3 18. Bxa3 a6 19. c3 b5 20. Ba2 Bf6 21. f4 exf4 22. e5 Nxe5 23. Nxf7 Nf3+ 24. Kf1 Nxe1 25. Rxe1 Rxf7 26. Bxe7 Kg7 27. Bxf7 Kxf7 28. Bd6 Rc8 29. Ra1 Rc6 30. Bxf4 Bxc3 31. Rc1 b4 32. Ke2 a5 33. Kd3 a4 34. Be5 a3 35. Bxc3 a2 36. Ra1 Rxc3+ 37. Kd4 Rc2 38. Kd3 b3 0-1


[Site "https://www.chess.com"]

[Event "Titled Tuesday Blitz July 13 2021"]
[White "Bazarov, Konstantin"]
[Black "Rosenberg, Evan S"]
[WhiteFideId "4137000"]
[BlackFideId "2019299"]
[WhiteElo "2190"]
[BlackElo "2375"]
[Result "1-0"]
[Round "03"]
[TimeControl "180+1"]
[Date "2021.07.13"]
[WhiteClock "0:00:59"]
[BlackClock "0:00:05"]

1. d4 Nf6 2. c4 e6 3. Nc3 Bb4 4. f3 d5 5. a3 Bxc3+ 6. bxc3 c5 7. cxd5 Nxd5 8. dxc5 f5 9. Qb3 O-O 10. c4 Nf6 11. Be3 e5 12. Qc3 Nc6 13. Rd1 Qe7 14. Bf2 Be6 15. Rd6 Rad8 16. Qd2 Bxc4 17. e3 Bxf1 18. Kxf1 Rxd6 19. cxd6 Qe6 20. Nh3 Rd8 21. g3 Rxd6 22. Qc2 e4 23. Nf4 Qf7 24. g4 exf3 25. gxf5 Ng4 26. h3 Nge5 27. Rg1 Kf8 28. Ne6+ Rxe6 29. fxe6 Qxe6 30. Rg3 Qd5 31. e4 Qb5+ 32. Kg1 Qd3 33. Qxd3 Nxd3 34. Rxf3+ 1-0


[Site "https://www.chess.com"]

[Event "Titled Tuesday Blitz July 13 2021"]
[White "Bazeev, German"]
[Black "Shafigullina, Zarina"]
[WhiteFideId "24119350"]
[BlackFideId "24174220"]
[WhiteElo "2462"]
[BlackElo "2087"]
[Result "1-0"]
[Round "03"]
[TimeControl "180+1"]
[Date "2021.07.13"]
[WhiteClock "0:00:37"]
[BlackClock "0:00:29"]

1. d4 Nf6 2. Bg5 Ne4 3. Bf4 c5 4. f3 Qa5+ 5. c3 Nf6 6. d5 d6 7. e4 e6 8. dxe6 Bxe6 9. Nd2 d5 10. Bd3 Nc6 11. Ne2 Rd8 12. Qb1 Be7 13. O-O O-O 14. e5 Nh5 15. Bxh7+ Kh8 16. Bf5 Qc7 17. Re1 Nxe5 18. Bxe5 Qxe5 19. Ng3 Qf6 20. Nxh5 Qg5 21. Bxe6 fxe6 22. Rxe6 Rd6 23. f4 Qxh5 24. Rxe7 Rh6 25. Nf3 Rxf4 26. Re5 Qf7 27. Qd3 d4 28. Rae1 1-0


[Site "https://www.chess.com"]

[Event "Titled Tuesday Blitz July 13 2021"]
[White "Bilych, Olexiy"]
[Black "Martins, Igor Carvalho Ribeiro"]
[WhiteFideId "14156504"]
[BlackFideId "2162962"]
[WhiteElo "2246"]
[BlackElo "2521"]
[Result "1-0"]
[Round "03"]
[TimeControl "180+1"]
[Date "2021.07.13"]
[WhiteClock "0:00:13"]
[BlackClock "0:00:20"]

1. e4 c5 2. Nf3 d6 3. Bb5+ Bd7 4. a4 Nf6 5. Qe2 Nc6 6. O-O e6 7. c3 Be7 8. d4 cxd4 9. cxd4 d5 10. e5 Ne4 11. Nc3 Nxc3 12. bxc3 Na5 13. Bd3 Rc8 14. Bd2 Nb3 15. Rab1 Nxd2 16. Qxd2 Qc7 17. Rfc1 O-O 18. c4 dxc4 19. Rxc4 Qb8 20. a5 Rxc4 21. Bxc4 Qc7 22. Bb3 Bc6 23. d5 exd5 24. Re1 Bc5 25. Nd4 Bxd4 26. Qxd4 Qxa5 27. Ra1 Qb6 28. Qd3 Re8 29. Re1 a5 30. Bxd5 Bxd5 31. Qxd5 Rd8 32. Qa2 Re8 33. h3 h6 34. Qd5 a4 35. Ra1 Qb3 36. Qe4 1-0


[Site "https://www.chess.com"]

[Event "Titled Tuesday Blitz July 13 2021"]
[White "Borsuk, Konstantin"]
[Black "Ashwin, Jayaram"]
[WhiteFideId "14113406"]
[BlackFideId "5018137"]
[WhiteElo "2363"]
[BlackElo "2461"]
[Result "1-0"]
[Round "03"]
[TimeControl "180+1"]
[Date "2021.07.13"]
[WhiteClock "0:01:19"]
[BlackClock "0:00:08"]

1. d4 d5 2. c4 dxc4 3. Nc3 Nf6 4. e3 e6 5. Bxc4 a6 6. a4 c5 7. d5 exd5 8. Nxd5 Nxd5 9. Qxd5 Qxd5 10. Bxd5 Be7 11. Bd2 O-O 12. Bc3 Ra7 13. a5 Nd7 14. h4 Nf6 15. Bc4 Ne4 16. Ne2 Bf5 17. f3 Nxc3 18. Nxc3 Bf6 19. g4 Bd7 20. g5 Bxc3+ 21. bxc3 Bc6 22. Ke2 Raa8 23. e4 Kh8 24. Rad1 f6 25. Rd6 Rad8 26. Rhd1 Rxd6 27. Rxd6 fxg5 28. hxg5 g6 29. Bxa6 Ra8 30. Bc4 Kg7 31. a6 Ra7 32. Rf6 Be8 33. Re6 Kf8 34. Ke3 Bf7 35. Rb6 bxa6 36. Bxa6 Rc7 37. Bb7 Ke7 38. Bd5 Bxd5 39. exd5 Kd7 40. Ke4 Rc8 41. Ke5 Re8+ 42. Re6 Rf8 43. Rf6 Re8+ 44. Kf4 Re1 45. Rc6 Rd1 46. Rxc5 Kd6 47. Ra5 Rd3 48. Ke4 Rd1 49. Ra6+ Kc5 50. Rc6+ Kb5 51. c4+ Kb4 52. d6 1-0


[Site "https://www.chess.com"]

[Event "Titled Tuesday Blitz July 13 2021"]
[White "Bortnyk, Olexandr"]
[Black "Klimkowski, Jan"]
[WhiteFideId "14120828"]
[BlackFideId "21856222"]
[WhiteElo "2723"]
[BlackElo "1903"]
[Result "1-0"]
[Round "03"]
[TimeControl "180+1"]
[Date "2021.07.13"]
[WhiteClock "0:00:04"]
[BlackClock "0:00:11"]

1. d4 Nf6 2. Bf4 e6 3. Nc3 d5 4. Nb5 Na6 5. e3 c6 6. Nc3 Bb4 7. Bxa6 bxa6 8. Ne2 Nh5 9. Be5 f6 10. Ng3 Nxg3 11. Bxg3 a5 12. O-O Ba6 13. Re1 O-O 14. a3 Bxc3 15. bxc3 a4 16. Rb1 Qd7 17. e4 Rae8 18. Qh5 Bb5 19. Re3 a6 20. Rbe1 Bc4 21. e5 f5 22. Bf4 Qf7 23. Qh4 Qe7 24. Bg5 Qf7 25. Rh3 Qg6 26. Rg3 f4 27. Bxf4 Qxc2 28. h3 Rf7 29. Qg4 Qf5 30. Qxf5 Rxf5 31. Bh6 g6 32. Rb1 Bb3 33. Bg5 Kf7 34. Bf6 Rb8 35. Re3 Rb5 36. g4 Rf4 37. f3 h6 38. Kf2 g5 39. Kg3 Kg6 40. h4 Rb7 41. hxg5 hxg5 42. Rh1 Bc4 43. Rh5 Rxf6 44. exf6 Kxf6 45. Rh6+ Kg7 46. Rexe6 Rb2 47. Reg6+ Kf7 48. Rxg5 Bf1 49. Rxc6 Rg2+ 50. Kf4 Re2 51. Rxd5 Rf2 52. Rd7+ Ke8 53. Ra7 Be2 54. Rc8# 1-0


[Site "https://www.chess.com"]

[Event "Titled Tuesday Blitz July 13 2021"]
[White "Cabarkapa, Novak"]
[Black "Barp, Alberto"]
[WhiteFideId "943746"]
[BlackFideId "872555"]
[WhiteElo "2469"]
[BlackElo "2229"]
[Result "1-0"]
[Round "03"]
[TimeControl "180+1"]
[Date "2021.07.13"]
[WhiteClock "0:01:48"]
[BlackClock "0:00:41"]

1. d4 Nf6 2. Nc3 d5 3. Bf4 a6 4. e3 b5 5. h4 c5 6. dxc5 Nc6 7. a3 e5 8. Bg5 Be6 9. b4 Be7 10. Nf3 h6 11. Bxf6 Bxf6 12. e4 d4 13. Na2 O-O 14. Nc1 Qc7 15. Nd3 Be7 16. g3 f5 17. Bh3 Qd7 18. Qe2 Rf7 19. Nfxe5 1-0


[Site "https://www.chess.com"]

[Event "Titled Tuesday Blitz July 13 2021"]
[White "Chigaev, Maksim"]
[Black "Cunha, Lucas Aguiar"]
[WhiteFideId "4108116"]
[BlackFideId "2125404"]
[WhiteElo "2646"]
[BlackElo "2361"]
[Result "1-0"]
[Round "03"]
[TimeControl "180+1"]
[Date "2021.07.13"]
[WhiteClock "0:00:02"]
[BlackClock "0:00:07"]

1. d4 Nf6 2. c4 e6 3. Nf3 b6 4. g3 Ba6 5. Qc2 Bb7 6. Bg2 c5 7. d5 exd5 8. cxd5 Nxd5 9. O-O Be7 10. Rd1 Nf6 11. Nc3 O-O 12. Bf4 Nc6 13. a3 Nh5 14. e3 Nxf4 15. exf4 Bf6 16. Rd2 Nd4 17. Nxd4 Bxg2 18. Nf5 Bc6 19. Rad1 Re8 20. Nd5 Re6 21. b4 cxb4 22. axb4 a5 23. bxa5 bxa5 24. Qc5 a4 25. Nxf6+ Qxf6 26. Nd4 a3 27. Nxe6 Qxe6 28. Qe3 Qc4 29. Ra1 a2 30. Qe2 Qb3 31. Rdxa2 Rxa2 32. Qe8# 1-0


[Site "https://www.chess.com"]

[Event "Titled Tuesday Blitz July 13 2021"]
[White "Chiu, Isaac"]
[Black "Martinez Alcantara, Jose Eduardo"]
[WhiteFideId "30900654"]
[BlackFideId "3805662"]
[WhiteElo "2117"]
[BlackElo "2690"]
[Result "0-1"]
[Round "03"]
[TimeControl "180+1"]
[Date "2021.07.13"]
[WhiteClock "0:00:56"]
[BlackClock "0:01:19"]

1. e4 c5 2. Nf3 d6 3. d4 cxd4 4. Nxd4 Nf6 5. Nc3 a6 6. Bg5 e6 7. f4 Be7 8. Qf3 Qc7 9. O-O-O Nbd7 10. Bd3 b5 11. e5 Bb7 12. Qg3 dxe5 13. fxe5 Qxe5 14. Bf4 Qxd4 15. Bxb5 Qc5 16. Bxd7+ Nxd7 17. Rxd7 Kxd7 18. Qxg7 Rhf8 19. Rd1+ Ke8 20. Bh6 Rd8 21. Rf1 Qh5 22. Kb1 Qg6 23. Qxg6 hxg6 24. Bxf8 Kxf8 0-1


[Site "https://www.chess.com"]

[Event "Titled Tuesday Blitz July 13 2021"]
[White "Colbow, Collin"]
[Black "Omk124"]
[WhiteFideId "16201132"]
[WhiteElo "2137"]
[BlackElo "2603"]
[Result "1-0"]
[Round "03"]
[TimeControl "180+1"]
[Date "2021.07.13"]
[WhiteClock "0:00:09"]
[BlackClock "0:01:13"]

1. e4 g6 2. d4 Bg7 3. Nc3 c6 4. Bc4 d6 5. Nf3 Nf6 6. O-O d5 7. exd5 cxd5 8. Bd3 O-O 9. Ne2 Nc6 10. c3 Bg4 11. Ng3 e5 12. dxe5 Nxe5 13. Be2 Nxf3+ 14. Bxf3 Bxf3 15. Qxf3 Qb6 16. Rb1 Rfe8 17. Be3 Qa6 18. a3 Ne4 19. Rfd1 Qc6 20. Bd4 Rad8 21. Bxg7 Kxg7 22. Ne2 Ng5 23. Qg4 Qf6 24. Nd4 Re4 25. Qg3 Rde8 26. f3 Re3 27. Re1 Ne4 28. Rxe3 Nxg3 29. Rxe8 Nh5 30. Rbe1 Nf4 31. g3 Qg5 32. R8e5 Nh3+ 33. Kg2 Nf4+ 34. Kh1 Qf6 35. gxf4 Qxf4 36. Re7 Kh6 37. Rxb7 Qd2 38. Re2 Qc1+ 39. Kg2 Qg5+ 40. Kf1 Qc1+ 41. Kf2 Qf4 42. Rxa7 Qxh2+ 43. Ke1 Qg1+ 44. Kd2 Qb1 45. Rb7 f6 46. Rh2+ Kg5 47. Rhxh7 Kf4 48. Rh4+ Kg3 49. Rg4+ Kf2 50. Rxg6 Qxg6 51. a4 Qg5+ 52. Kc2 Qe3 53. a5 Qd3+ 54. Kxd3 1-0


[Site "https://www.chess.com"]

[Event "Titled Tuesday Blitz July 13 2021"]
[White "Cornette, Matthieu"]
[Black "Manukyan, Artyom"]
[WhiteFideId "620084"]
[BlackFideId "13305786"]
[WhiteElo "2500"]
[BlackElo "2034"]
[Result "1-0"]
[Round "03"]
[TimeControl "180+1"]
[Date "2021.07.13"]
[WhiteClock "0:00:18"]
[BlackClock "0:00:14"]

1. Nc3 d5 2. e4 dxe4 3. Nxe4 Nf6 4. Ng3 c6 5. Nf3 h5 6. h3 h4 7. Ne2 Bf5 8. b3 e6 9. Bb2 Nbd7 10. Ned4 Bg6 11. a4 Bc5 12. a5 a6 13. Bc4 Qe7 14. O-O Nd5 15. Re1 Nf4 16. d3 Bb4 17. c3 Bd6 18. Qd2 Qf6 19. b4 O-O 20. Re3 Rad8 21. Rae1 e5 22. Ne2 c5 23. Nxf4 exf4 24. R3e2 cxb4 25. cxb4 Qf5 26. Nxh4 Qg5 27. Nxg6 Qxg6 28. Re6 Nf6 29. Bxf6 gxf6 30. R6e4 f5 31. Rd4 Bxb4 32. Qxb4 Rxd4 33. Bxf7+ Qxf7 34. Qxd4 Re8 35. Rxe8+ Qxe8 36. Qxf4 Qe1+ 37. Kh2 Qxa5 38. Qb8+ Kf7 39. Qxb7+ Kg6 40. Qc6+ Kf7 41. Qd7+ Kg6 42. Qe6+ Kg7 43. Qe7+ Kg6 44. h4 Qd5 45. Qg5+ Kf7 46. h5 a5 47. Qg6+ Kf8 48. h6 Qe5+ 49. g3 a4 50. h7 Qh8 51. Qxf5+ Kg7 52. Qg4+ Kxh7 53. Qxa4 Kg6+ 54. Kg2 Qb2 55. Qe4+ Kg5 56. Qf4+ Kg6 57. Qe4+ Kg5 58. d4 Qa1 59. d5 Kh6 60. d6 Qd1 61. Qf3 Qxd6 62. Qf4+ Qxf4 63. gxf4 Kg6 64. Kf3 Kf5 65. Ke3 Kf6 66. Ke4 Ke6 67. f5+ Kf6 68. Kf4 Kf7 69. Ke5 Ke7 70. f6+ Kf7 71. Kf5 Kf8 72. Ke6 Ke8 73. f7+ Kf8 74. f3 Kg7 75. Ke7 Kg6 76. f8=Q Kh5 1-0


[Site "https://www.chess.com"]

[Event "Titled Tuesday Blitz July 13 2021"]
[White "Costachi, Mihnea"]
[Black "Vivas Zamora, Fabian Ernesto"]
[WhiteFideId "1217518"]
[BlackFideId "3902480"]
[WhiteElo "2482"]
[BlackElo "1966"]
[Result "1-0"]
[Round "03"]
[TimeControl "180+1"]
[Date "2021.07.13"]
[WhiteClock "0:01:01"]
[BlackClock "0:00:02"]

1. e4 e5 2. Nf3 Nc6 3. c3 d5 4. Qa4 Nf6 5. Nxe5 Bd6 6. Nxc6 bxc6 7. exd5 O-O 8. dxc6 Re8+ 9. Kd1 Ne4 10. Qd4 Qh4 11. Kc2 Bc5 12. Qa4 Bf5 13. Bd3 Rad8 14. g3 Nxf2 15. Qxh4 Bxd3+ 16. Kb3 Rb8+ 17. Ka4 Re4+ 18. Qxe4 Bxe4 19. b4 Bxh1 20. bxc5 Bxc6+ 21. Ka3 Nd3 22. c4 Nxc1 23. d4 Nd3 24. Nc3 g5 25. d5 Bd7 26. c6 Bf5 27. Nb5 Rb6 28. Nxc7 Ne5 29. Rc1 Kg7 30. Ne8+ Kf8 31. Nd6 1-0


[Site "https://www.chess.com"]